 Dungeon Crawl Stone Soup version 0.29-a0-1065-g47a6bb87d6 (webtiles) character file.

Game seed: 16334720547225359367

194402 Zeldest the Stormcaller (level 18, -1/112 HPs)
             Began as a Tengu Gladiator on Aug 18, 2022.
             Was the Champion of Cheibriados.
             Slain by a minotaur
             ... wielding a +0 glaive
              (13 damage)
             ... on level 4 of the Shoals.
             The game lasted 01:46:09 (28340 turns).

Zeldest the Stormcaller (Tengu Gladiator)          Turns: 28340, Time: 01:46:09

Health: -1/112     AC: 19    Str: 29    XL:     18   Next: 30%
Magic:  27/27      EV: 45    Int: 27    God:    Cheibriados [******]
Gold:   1001       SH:  0    Dex: 38    Spells: 1/27 levels left

rFire   + . .      SeeInvis .     - Unarmed
rCold   + . .      Faith    .   (shield currently unavailable)
rNeg    . . .      Spirit   .   (body armour currently unavailable)
rPois   ∞          Reflect  .   (helmet currently unavailable)
rElec   +          Harm     .   (cloak currently unavailable)
rCorr   .          Rampage  .   (gloves currently unavailable)
Will    +....                   (boots unavailable)
Stlth   +++.......              h - amulet of magic regeneration
HPRegen 0.28/turn               i - ring of protection from fire
MPRegen 0.60/turn               Y - ring of Pikh {rC+ Dex+4 Slay+4}

@: storm-form, flying quickly and evasively, studying Invocations, very slow
A: cleaving, insubstantial, flying, (beak), (talons 3), nimble flight, weak 1
}: 1/15 runes: gossamer
a: Blinkbolt, End Transformation, Renounce Religion, Bend Time, Temporal
Distortion, Slouch, Step From Time


You were on level 4 of the Shoals.
You worshipped Cheibriados.
Cheibriados was exalted by your worship.
You were a lightning-filled tempest!
You visited 6 branches of the dungeon, and saw 26 of its levels.
You also visited: Sewer, Bailey, Gauntlet and Volcano.

You collected 2688 gold pieces.
You spent 1687 gold pieces at shops.

Inventory:

Armour
 c - a +1 hat (melded)
 e - a +0 tower shield of positive energy
 o - the +3 leather armour of the Ecumenical Temple (melded) {Str+7 Dex-3 SInv}
   (You found it on level 2 of the Dungeon)

   Str:       It affects your strength (+7).
   Dex:       It affects your dexterity (-3).
   SInv:      It lets you see invisible.
 t - the +1 buckler of Baldness (melded) {+Inv rPois Will++}
   (You found it on level 5 of the Dungeon)

   rPois:     It protects you from poison.
   +Inv:      It lets you turn invisible.
   Will:      It greatly increases your willpower.
 J - a +0 pair of gloves (melded)
 N - +2 pearl dragon scales
Magical Staves
 b - a staff of air (melded)
Jewellery
 d - the ring "Zumesene" {Drain Will+ rCorr Dex+3}
   (You acquired it on level 2 of the Spider Nest)

   [ring of willpower]

   Dex:       It affects your dexterity (+3).
   rCorr:     It protects you from acid and corrosion.
   Drain:     It drains your maximum health when unequipped.
   Will:      It increases your willpower.
 f - the ring of the Gloaming {rC+ rN+}
   (You acquired it on level 2 of the Shoals)

   [ring of positive energy]

   rC:        It protects you from cold.
   rN:        It protects you from negative energy.
 g - a ring of protection from cold
 h - an amulet of magic regeneration (around neck)
 i - a ring of protection from fire (left fist)
 k - a ring of protection from cold
 x - an amulet of reflection
 I - a ring of resist corrosion
 S - a ring of see invisible
 X - the ring "Luhez" {rPois rC+}
   (You found it in a Gauntlet)

   [ring of poison resistance]

   rC:        It protects you from cold.
   rPois:     It protects you from poison.
 Y - the ring of Pikh (right fist) {rC+ Dex+4 Slay+4}
   (You took it off a minotaur in a Gauntlet)

   [ring of protection from cold]

   Dex:       It affects your dexterity (+4).
   Slay:      It affects your accuracy & damage with ranged weapons and melee
   (+4).
   rC:        It protects you from cold.
Wands
 a - a wand of roots (7)
 j - a wand of flame (32)
 r - a wand of light (15)
 Q - a wand of digging (5)
 U - a wand of charming (7)
 V - a wand of mindburst (5)
Scrolls
 m - 2 scrolls of amnesia
 n - 15 scrolls of teleportation
 s - 4 scrolls of fog
 u - 2 scrolls of noise
 C - 3 scrolls of fear
 E - 4 scrolls of enchant armour
 H - 3 scrolls of poison
 K - a scroll of torment
 L - a scroll of summoning
 M - 4 scrolls of silence
 P - 9 scrolls of identify
Potions
 l - 3 potions of lignification
 p - 3 potions of magic
 v - 2 potions of might
 w - 7 potions of ambrosia
 y - 5 potions of curing
 z - a potion of resistance
 A - 2 potions of cancellation
 B - 2 potions of heal wounds
 D - 7 potions of mutation
 O - a potion of invisibility
 R - 3 potions of attraction
Miscellaneous
 W - a lightning rod (4/4)


   Skills:
 + Level 12.1 Fighting
 - Level 3.7 Long Blades
 - Level 2.0 Throwing
 + Level 6.8 Armour
 + Level 12.8 Dodging
 - Level 5.0 Shields
 + Level 13.4 Unarmed Combat
 - Level 5.3 Spellcasting
 - Level 8.2 Conjurations
 + Level 14.5 Transmutations
 + Level 18.7 Air Magic
 - Level 5.9 Invocations


You had one spell level left.
You knew the following spells:

 Your Spells              Type           Power      Damage    Failure   Level
a - Storm Form            Tmut/Air       38%        N/A       6%          7
b - Airstrike             Air            41%        2d(6-22)  1%          4
c - Static Discharge      Conj/Air       69%        3-12/arc  1%          2
d - Maxwell's Capacitive  Air            41%        ∞         21%         8
f - Irradiate             Conj/Tmut      31%        3d22      1%          5

Your spell library contained the following spells:

 Spells                   Type           Power      Damage    Failure   Level
 Beastly Appendage        Tmut           100%       N/A       1%          1
 Magic Dart               Conj           100%       1d8       1%          1
 Shock                    Conj/Air       100%       1d9       1%          1
 Swiftness                Air            83%        N/A       0%          3
 Searing Ray              Conj           100%       2d8       1%          2
 Wereblood                Tmut           72%        N/A       1%          2
 Spider Form              Tmut/Pois      46%        N/A       1%          3
 Summon Lightning Spire   Summ/Air       55%        N/A       1%          4
 Blade Hands              Tmut           36%        N/A       1%          5
 Lightning Bolt           Conj/Air       34%        1d52      1%          5
 Ice Form                 Ice/Tmut       46%        N/A       3%          4
 Freezing Cloud           Conj/Ice/Air   27%        6-21      4%          5
 Blink                    Tloc           14%        N/A       11%         2
 Fulminant Prism          Conj/Hex       14%        3d9       13%         4
 Hailstorm                Conj/Ice       29%        3d8       13%         4
 Sticky Flame             Conj/Fire      29%        2d5       13%         4
 Dragon Form              Tmut           36%        N/A       16%         7
 Gell's Gravitas          Tloc           7%         N/A       21%         3
 Lesser Beckoning         Tloc           7%         N/A       21%         3
 Ozocubu's Armour         Ice            7%         N/A       21%         3
 Teleport Other           Tloc           7%         N/A       21%         3
 Statue Form              Tmut/Erth      30%        N/A       47%         6
 Cause Fear               Hex            3%         N/A       56%         4
 Dispel Undead            Necr           7%         3d8       56%         4
 Leda's Liquefaction      Hex/Erth       3%         N/A       56%         4
 Lee's Rapid Deconstruct  Erth           3%         3d6*      88%         5
 Manifold Assault         Tloc           7%         N/A       88%         5
 Metabolic Englaciation   Hex/Ice        3%         N/A       88%         5
 Dispersal                Tloc           3%         N/A       100%        6
 Simulacrum               Ice/Necr       3%         N/A       100%        6
 Borgnjor's Revivificati  Necr           3%         N/A       100%        8
 Necromutation            Tmut/Necr      23%        N/A       100%        8
 Death's Door             Necr           3%         N/A       100%        9
 Dragon's Call            Summ           3%         N/A       100%        9
 Polar Vortex             Ice            3%         N/A       100%        9


Dungeon Overview and Level Annotations

Branches:
Dungeon (10/15)            Temple (1/1) D:5            Lair (5/5) D:8
 Shoals (4/4) Lair:3       Spider (4/4) Lair:3        Slime (0/5) Lair:5
    Orc (2/2) D:9             Elf (0/3) Orc:2         Sewer (visited)
 Bailey (visited)         Volcano (visited)         Gauntlet (visited)

Altars:
Ashenzari
Cheibriados
Dithmenos
Elyvilon
Fedhas
Gozag
Kikubaaqudgha
Makhleb
Nemelex Xobeh
Okawaru
Qazlal
Ru
Sif Muna
Trog
Uskayaw
Vehumet
Wu Jian
Xom
Yredelemnul
Zin
The Shining One
Jiyva

Shops:
D:10 *:[((   Orc:1 =   Orc:2 [:[*=   Shoals:2 ?:

Annotations:
D:8 exclusion: 3 doors
Lair:3 exclusion: oklob plant


Innate Abilities, Weirdness & Mutations

You are a lightning-filled tempest!
Your electrical attacks strike out in all directions at once.
You are incredibly evasive.
Your insubstantial body is immune to petrification, constriction, and being set on fire You are flying.
You are immune to poison.
Your armour is entirely melded.
You are incapable of wielding weapons or throwing items.
((You have a beak for a mouth.))
((You have claws for feet.))
Your magical nature lets you fly swiftly and evasively.
You are weak. (Str -2)


Message History

Your transformation is almost over.
A water elemental comes into view.
You pick up a book of Storms and begin reading...
You add the spell Lightning Bolt to your library.
Shopping list: removing a book of Storms on Orc:2 Your transformation has ended.
Your staff of air unmelds from your body.
Your +1 hat unmelds from your body.
Your +0 pair of gloves unmelds from your body.
The +1 buckler of Baldness {+Inv rPois Will++} unmelds from your body.
The +3 leather armour of the Ecumenical Temple {Str+7 Dex-3 SInv} unmelds from your body.
Casting: Storm Form (dangerous; 9% risk of failure)
Confirm with . or Enter, or press ? or * to list all spells.
You feel a surge of power!
You turn into a lightning-filled tempest!
Your staff of air melds into your body.
Your +1 hat melds into your body.
Your +0 pair of gloves melds into your body.
The +1 buckler of Baldness {+Inv rPois Will++} melds into your body.
The +3 leather armour of the Ecumenical Temple {Str+7 Dex-3 SInv} melds into your body.
You hear a bellow!
You hear a shout!
A merfolk comes into view. It is wielding a +0 trident.
You blast the merfolk!!!
You kill the merfolk!
Cheibriados thoroughly appreciates the change of pace.
You hear a bellow!
A manticore comes into view.
Things that are here:
a +0 trident; a merfolk corpse A minotaur comes into view.
It is wielding a +0 glaive and quivering silver javelins.
The minotaur throws a silver javelin.
The silver javelin completely misses you.
The minotaur completely misses you. x3; The minotaur barely misses you.
You batter the minotaur!!
The minotaur is moderately wounded.
The minotaur hits you with a +0 glaive!!!
* * * LOW HITPOINT WARNING * * *
The minotaur completely misses you.
Okay, then.
You fail to use your ability.
The minotaur hits you with a +0 glaive!
You die...

##### ≈≈≈ ...####≈≈≈≈ #
~..~~~#≈≈≈ ..
###~~~.#..##
~~.##~~~###...~###
#.~~~~)#.....)..#
#~~..).......#
#~~.#~.....~v#
#~~~.#).~..H##
#######)))#..###.....~.
.~....†.#~~~~.......8.H
.##~.)##~~~.......###.~
..#~).(#~~###.##..#
.....)##### ..#..#
....))...## .~....
~.#.....~~# ~.#~..


You could see a minotaur.

Vanquished Creatures
  Bai Suzhen (Spider:4)
  Mlioglotl (Spider:2)
  Agnes (Spider:4)
  An emperor scorpion (Spider:3)
  Louise (Spider:2)
  4 ghost moths
  Aizul (Spider:1)
  2 broodmothers
  A minotaur (Gauntlet)
  7 entropy weavers
  3 spark wasps
  A merfolk javelineer (Shoals:3)
  4 merfolk impalers
  6 boulder beetles
  2 ogre magi (Orc:2)
  5 hydras
  A merfolk avatar (Shoals:4)
  A merfolk aquamancer (Shoals:4)
  8 satyrs (Shoals:4)
  3 jorogumos (Spider:3)
  9 two-headed ogres
  3 death yaks (Lair:5)
  8 radroaches
  A death scarab (Spider:3)
  2 thrashing horrors (Gauntlet)
  4 sun demons (Shoals:1)
  Amaemon (Lair:2)
  2 deep trolls (Orc:2)
  9 pharaoh ants
  9 sea snakes
  7 steelbarb worms
  4 orb spiders
  Pikel (D:6)
  6 orc knights
  2 spectral wolf spiders (Spider:3)
  5 wolf spider zombies (Spider:3)
  4 harpies (Shoals:2)
  6 cyclopes
  22 wolf spiders
  An orc sorcerer (Orc:2)
  9 fauns
  3 moths of wrath
  10 elephants
  8 merfolk sirens
  7 torpor snails
  10 manticores
  4 black mambas
  An ice statue (Gauntlet)
  7 water nymphs
  An orange demon (Lair:1)
  A gargoyle (D:10)
  Maggie (D:8)
  4 cane toads
  9 demonic crawlers
  4 rime drakes
  A kobold demonologist (D:9)
  6 komodo dragons
  5 wolf spider simulacra (Spider:3)
  3 polar bears (Lair:5)
  26 tarantellas
  10 trolls
  12 hornets
  6 meliai
  17 merfolk
  Grinder (D:6)
  8 snapping turtles
  5 wind drakes
  13 dream sheep
  17 blink frogs
  26 jumping spiders
  11 spriggans (Lair:5)
  50 yaks
  9 culicivoras
  A vampire (D:10)
  8 water elementals
  2 wraiths (D:10)
  Eustachio (D:6)
  2 wyverns
  A basilisk (Lair:5)
  3 chaos spawn (Gauntlet)
  68 redbacks
  3 steam dragons
  A neqoxec (Gauntlet)
  Edmund (D:4)
  6 wargs
  An acid dragon (D:9)
  13 water moccasins
  2 hell hounds (Lair:2)
  28 orc warriors
  2 sky beasts
  5 black bears
  21 wolves
  22 ogres
  4 boggarts (Lair:5)
  4 centaurs
  4 lemures (D:6)
  21 kobold brigands
  2 small abominations (Gauntlet)
  4 bullfrogs
  2 gnoll sergeants
  3 necrophages (D:6)
  3 scorpions
  5 wights (D:8)
  7 killer bees
  3 electric eels
  5 howler monkeys
  5 hounds
  7 jellies
  19 orc priests
  3 gnoll boudas
  An iguana (D:7)
  28 orc wizards
  14 adders
  19 gnolls
  7 river rats
  A shadow imp (D:7)
  A white imp (D:8)
  An ufetubus (D:5)
  2 worms
  3 dart slugs
  62 orcs
  19 bats
  7 endoplasms
  4 giant cockroaches
  11 goblins
  5 hobgoblins
  7 jackals
  7 quokkas
  13 ball pythons
  2 frilled lizards (D:1)
  28 kobolds
  9 rats
1008 creatures vanquished.

Vanquished Creatures (collateral kills)
  A spark wasp (Spider:4)
  4 boulder beetles (Spider:4)
  A pharaoh ant (Spider:4)
6 creatures vanquished.

Vanquished Creatures (others)
  An entropy weaver (Spider:4)
  A steelbarb worm (Spider:4)
  An orc (D:8)
  A demonic plant (Gauntlet)
  41 fungi
  103 plants
  3 withered plants (Gauntlet)
151 creatures vanquished.

Grand Total: 1165 creatures vanquished

Notes
Turn   | Place    | Note
-------+----------+-------------------------------------------
     0 | D:1      | Zeldest the Tengu Gladiator began the quest for the Orb.
     0 | D:1      | Reached XP level 1. HP: 12/12 MP: 2/2
   135 | D:1      | Reached XP level 2. HP: 17/17 MP: 3/3
   682 | D:2      | Reached XP level 3. HP: 22/22 MP: 4/4
   727 | D:2      | Identified the +3 leather armour of the Ecumenical Temple
                  | {Str+7 Dex-3 SInv}
   847 | D:2      | You fall into a shaft and drop 2 floors!
  1336 | D:2      | Reached skill level 1 in Unarmed Combat
  1336 | D:2      | Reached XP level 4. HP: 13/27 MP: 5/5
  1600 | D:2      | Reached skill level 1 in Air Magic
  1835 | D:2      | Identified the +7 mace "Saifyq" {vorpal, +Blink}
  2218 | D:3      | Found a sacrificial altar of Ru.
  2294 | D:3      | Found a faded altar of an unknown god.
  2325 | D:3      | Found an ornate altar of the Wu Jian Council.
  2480 | D:4      | Gained mutation: Your magical nature lets you fly swiftly
                  | and evasively. [Tengu growth]
  2480 | D:4      | Reached XP level 5. HP: 32/32 MP: 5/7
  2503 | D:4      | Found a sparkling altar of Nemelex Xobeh.
  2540 | D:4      | Reached skill level 1 in Spellcasting
  2540 | D:4      | Reached skill level 1 in Transmutations
  2733 | D:4      | Noticed Edmund
  3185 | D:4      | Killed Edmund
  3186 | D:4      | Reached skill level 2 in Air Magic
  3186 | D:4      | Reached XP level 6. HP: 29/37 MP: 7/9
  3228 | D:5      | Entered Level 5 of the Dungeon
  3239 | D:5      | Found a glowing silver altar of Zin.
  3278 | D:5      | Noticed an orc warrior
  3444 | D:5      | Reached XP level 7. HP: 29/41 MP: 10/10
  3612 | D:5      | Identified the +1 buckler of Baldness {+Inv rPois Will++}
  3728 | D:5      | Reached skill level 3 in Air Magic
  4117 | D:5      | Reached skill level 1 in Shields
  4218 | D:5      | Found a staircase to the Ecumenical Temple.
  4243 | Temple   | Entered the Ecumenical Temple
  4335 | Temple   | Became a worshipper of Cheibriados the Contemplative
  4380 | D:5      | Reached skill level 5 in Dodging
  4424 | D:5      | Reached XP level 8. HP: 48/48 MP: 12/12
  4804 | D:5      | Learned a level 7 spell: Storm Form
  4908 | D:6      | Reached skill level 4 in Air Magic
  4908 | D:6      | Reached skill level 1 in Invocations
  4923 | D:6      | Noticed Grinder
  4931 | D:6      | Killed Grinder
  5003 | D:6      | Found a glowing drain.
  5007 | Sewer    | Entered a sewer
  5017 | Sewer    | Reached * piety under Cheibriados
  5171 | Sewer    | Reached ** piety under Cheibriados
  5510 | D:6      | Reached skill level 5 in Air Magic
  5520 | D:6      | Reached skill level 5 in Unarmed Combat
  5520 | D:6      | Reached XP level 9. HP: 51/53 MP: 14/14
  5720 | D:6      | Noticed Eustachio
  5737 | D:6      | Killed Eustachio
  5738 | D:6      | Reached skill level 5 in Fighting
  6153 | D:6      | Found a shadowy altar of Dithmenos.
  6170 | D:6      | Noticed Pikel
  6209 | D:6      | Killed Pikel
  6210 | D:6      | Reached skill level 6 in Air Magic
  6246 | D:6      | Reached *** piety under Cheibriados
  7435 | D:7      | Learned a level 4 spell: Airstrike
  7580 | D:7      | Found an ancient bone altar of Kikubaaqudgha.
  7639 | D:7      | Reached **** piety under Cheibriados
  7640 | D:7      | Reached XP level 10. HP: 35/60 MP: 15/15
  7656 | D:7      | Reached skill level 7 in Air Magic
  7776 | D:7      | Found a radiant altar of Vehumet.
  8232 | D:8      | Found a staircase to the Lair.
  8705 | D:8      | Reached ***** piety under Cheibriados
  8798 | D:8      | Noticed Maggie
  8808 | D:8      | Killed Maggie
  9002 | D:8      | Found a broken altar of Ashenzari.
  9415 | D:8      | Noticed a cyclops
  9420 | D:8      | Killed a cyclops
  9421 | D:8      | Reached skill level 8 in Air Magic
  9433 | D:8      | Reached skill level 5 in Transmutations
  9977 | D:9      | Found a staircase to the Orcish Mines.
 10022 | D:9      | Reached XP level 11. HP: 60/66 MP: 16/16
 10132 | D:9      | Found a burning altar of Makhleb.
 10176 | D:9      | Reached skill level 9 in Air Magic
 10713 | D:10     | Entered Level 10 of the Dungeon
 10739 | D:10     | Found Huoraxzu's Weapon Emporium.
 10814 | D:10     | Found a flagged portal.
 10833 | Bailey   | Entered a bailey
 10843 | Bailey   | Learned a level 2 spell: Static Discharge
 10848 | Bailey   | Reached ****** piety under Cheibriados
 10938 | Bailey   | Reached skill level 10 in Air Magic
 10992 | Bailey   | Noticed an orc knight
 11040 | Bailey   | Killed an orc knight
 11156 | Bailey   | Found a bloodstained altar of Trog.
 11162 | Bailey   | Identified the +4 shortbow of Wu Jian's Grace {freeze,
                  | Str+5 Dex+5}
 11273 | D:10     | Found a bloodstained altar of Trog.
 11742 | D:10     | Found Esmedimn's Antique Armour Boutique.
 11750 | D:10     | Found Juomim's Book Emporium.
 11785 | D:10     | Found a glowing golden altar of the Shining One.
 11855 | D:10     | Noticed an orc knight
 11856 | D:10     | Noticed a manticore
 11858 | D:10     | Killed a manticore
 11862 | D:10     | Killed an orc knight
 11862 | D:10     | Noticed an orc knight
 12100 | D:10     | Noticed a two-headed ogre
 12112 | D:10     | Killed a two-headed ogre
 12113 | D:10     | Reached skill level 11 in Air Magic
 12113 | D:10     | Reached XP level 12. HP: 71/71 MP: 9/18
 12166 | D:10     | Identified the +0 robe "Zunapiva" {Int+4}
 12213 | D:10     | Found Okhloc's Antique Weapon Shop.
 12374 | D:10     | Found Uskemu's General Store.
 12495 | Lair:1   | Entered Level 1 of the Lair of Beasts
 12659 | Lair:1   | Noticed Amaemon
 13394 | Lair:2   | Killed Amaemon
 13538 | Lair:2   | Found a dark tunnel.
 13544 | Lair:2   | Reached skill level 12 in Air Magic
 13683 | Volcano  | Entered a volcano
 14102 | Lair:2   | Noticed a seven-headed hydra
 14105 | Lair:2   | Killed a seven-headed hydra
 14470 | Lair:3   | Reached skill level 10 in Transmutations
 15082 | Lair:3   | Found a hole to the Spider Nest.
 15132 | Lair:3   | Reached skill level 13 in Air Magic
 15198 | Lair:3   | Found a staircase to the Shoals.
 15310 | Lair:3   | Found a blossoming altar of Fedhas.
 15622 | Lair:4   | Reached XP level 13. HP: 30/76 MP: 14/19
 16856 | Lair:5   | Entered Level 5 of the Lair of Beasts
 17199 | Lair:5   | Reached skill level 14 in Air Magic
 17595 | Lair:5   | Found a runed translucent door.
 17596 | Lair:5   | Found a viscous altar of Jiyva.
 17596 | Lair:5   | Found a staircase to the Slime Pits.
 17742 | Lair:5   | Reached skill level 5 in Shields
 17802 | Lair:5   | Reached XP level 14. HP: 78/82 MP: 7/20
 18039 | Lair:5   | Reached skill level 15 in Air Magic
 18701 | Spider:1 | Entered Level 1 of the Spider Nest
 18713 | Spider:1 | Noticed Aizul
 18724 | Spider:1 | Killed Aizul
 18836 | Spider:1 | Noticed a broodmother
 18846 | Spider:1 | Killed a broodmother
 19149 | Spider:1 | Reached skill level 5 in Invocations
 19197 | Spider:1 | Noticed an entropy weaver
 19205 | Spider:1 | Killed an entropy weaver
 19503 | Spider:2 | Noticed Mlioglotl
 19508 | Spider:2 | Noticed an entropy weaver
 19511 | Spider:2 | Killed Mlioglotl
 19512 | Spider:2 | Reached skill level 10 in Unarmed Combat
 19515 | Spider:2 | Killed an entropy weaver
 19516 | Spider:2 | Reached XP level 15. HP: 71/89 MP: 16/23
 19528 | Spider:2 | Reached skill level 5 in Spellcasting
 19599 | Spider:2 | Reached skill level 16 in Air Magic
 19603 | Spider:2 | Noticed Louise
 19607 | Spider:2 | Killed a ghost moth
 19616 | Spider:2 | Killed Louise
 19617 | Spider:2 | You are sucked into a shaft and drop 1 floor!
 19670 | Spider:3 | Learned a level 5 spell: Irradiate
 19857 | Spider:2 | Reached skill level 1 in Conjurations
 19904 | Spider:2 | Identified 2 scrolls of acquirement
 20275 | Orc:1    | Entered Level 1 of the Orcish Mines
 20431 | Orc:1    | Found Nulo's Jewellery Boutique.
 20688 | Orc:2    | Entered Level 2 of the Orcish Mines
 20881 | Orc:2    | Found a gate leading to a gauntlet.
 20885 | Orc:2    | Found a staircase to the Elven Halls.
 20892 | Gauntlet | Entered a Gauntlet
 20892 | Gauntlet | Found a transporter.
 20892 | Gauntlet | Found a transporter.
 20908 | Gauntlet | Found a transporter.
 20911 | Gauntlet | Found a transporter.
 20918 | Gauntlet | Found a runed translucent door.
 20920 | Gauntlet | Found a transporter.
 20924 | Gauntlet | Found a transporter.
 20932 | Gauntlet | Found a transporter.
 20951 | Gauntlet | Found a transporter.
 20971 | Gauntlet | Found a transporter.
 20972 | Gauntlet | Found a transporter.
 20980 | Gauntlet | Found a transporter.
 20984 | Gauntlet | Found a transporter.
 21066 | Gauntlet | Reached skill level 10 in Dodging
 21077 | Gauntlet | Identified the +0 helmet "Jyrch" {rN+++ Will- MP-9 Stlth+}
 21103 | Gauntlet | Identified the ring "Luhez" {rPois rC+}
 21117 | Gauntlet | Identified the ring of Pikh {rC+ Dex+4 Slay+4}
 21128 | Gauntlet | Got the Omnibus of the Exiled Moons
 21154 | Orc:2    | Found Haihiu's Antique Armour Emporium.
 21154 | Orc:2    | Found Uhujujiorch's Antique Armour Emporium.
 21165 | Orc:2    | Found Wetzei's Assorted Antiques.
 21168 | Orc:2    | Reached skill level 10 in Fighting
 21168 | Orc:2    | Reached XP level 16. HP: 74/97 MP: 24/24
 21202 | Orc:2    | Found Vatood's Book Shoppe.
 21523 | Orc:2    | Found a burning altar of Makhleb.
 21605 | Orc:2    | Found Buviar's Jewellery Emporium.
 21619 | Orc:2    | Gained mutation: You are weak. (Str -2) [mutagenic glow]
 21949 | Orc:2    | Bought a ring of see invisible for 210 gold pieces
 22190 | Spider:3 | Reached skill level 5 in Conjurations
 22194 | Spider:3 | Reached skill level 17 in Air Magic
 22854 | Spider:3 | Reached skill level 1 in Armour
 23726 | Spider:4 | Entered Level 4 of the Spider Nest
 23739 | Spider:4 | Noticed Agnes
 24253 | Spider:4 | Reached XP level 17. HP: 99/104 MP: 14/26
 24276 | Spider:4 | Killed Agnes
 24806 | Spider:4 | Noticed Bai Suzhen
 24821 | Spider:4 | Killed Bai Suzhen
 25143 | Spider:4 | Learned a level 8 spell: Maxwell's Capacitive Coupling
 25296 | Spider:4 | Reached skill level 18 in Air Magic
 25396 | Spider:4 | Got a gossamer rune of Zot
 25612 | Shoals:1 | Entered Level 1 of the Shoals
 25832 | Shoals:1 | Reached skill level 5 in Armour
 26607 | Shoals:2 | Found Deyraga's Vocational Training.
 26628 | Shoals:2 | Bought a manual of Invocations for 960 gold pieces
 26806 | Shoals:2 | Found Gioneud's Magic Scroll Shop.
 26814 | Shoals:2 | Bought a scroll of blinking for 127 gold pieces
 26814 | Shoals:2 | Bought a scroll of enchant armour for 127 gold pieces
 26814 | Shoals:2 | Bought a scroll of summoning for 161 gold pieces
 26814 | Shoals:2 | Bought a scroll of teleportation for 51 gold pieces
 26814 | Shoals:2 | Bought a scroll of teleportation for 51 gold pieces
 27267 | Shoals:2 | Acquired the ring "Zumesene" {Drain Will+ rCorr Dex+3}
 27276 | Shoals:2 | Acquired the ring of the Gloaming {rC+ rN+}
 27333 | Shoals:4 | Entered Level 4 of the Shoals
 27368 | Shoals:4 | Reached XP level 18. HP: 60/112 MP: 27/27
 28340 | Shoals:4 | Slain by a minotaur

Illustrated notes

Levels and vault maps discovered:
D:1:      heliophobic_arrival_enchanted_forest, layout_rooms
D:2:      layout_basic, minmay_split_cup_small
D:3:      layout_loops_ring, nzn_wu_jian_council_hall,
          mainiacjoe_overflow_catwalk, basic_ecumenical_altar
D:4:      layout_basic, mainiacjoe_overflow_six_doors_small, uniq_edmund
D:5:      layout_basic, mainiacjoe_overflow_chevrons, minmay_temple_entry_waves,
          serial_glass, glass_columns_b, glass_columns_a
D:6:      layout_basic, mainiacjoe_overflow_surrounded_room,
          gup_sewer_entry_spiral, roderic_serpentine_path, chequers_big_river,
          grunt_ministairs_12, uniq_eustachio, uniq_grinder, uniq_pikel
D:7:      layout_cave_pods, nicolae_vehumet_radiance, kennysheep_little_box
D:8:      cheibrodos_barr_body, layout_basic, cheibrodos_ashenzari_chains,
          erik_lair_orcish_takeover, grunt_decor_fettered, uniq_maggie
D:9:      layout_roguey, bloody_makhleb, minmay_orc_entry_temple_small,
          special_room [special_room_kobold]
D:10:     kennysheep_blocky_room, layout_rooms, trog_three_pillars_becter,
          nicolae_overflow_hidden_temple, nicolae_tso_swordbearing_angel,
          enter_bailey_5, serial_shops, nicolae_lakefront_shop, kennysheep_mini,
          shop, kennysheep_mini_moat, shop
Temple:   compressed_dpeg_circular_temple
Lair:1:   layout_regular_city, uniq_amaemon
Lair:2:   layout_roguey, enter_volcano_3
Lair:3:   layout_chaotic_city, minmay_shoals_entry_centaurs, dummy_spider_entry,
          chequers_serial_rivers_micro_d, chequers_serial_rivers_marsh,
          tgw_fedhas
Lair:4:   layout_big_grid, grunt_megastairs_3, infiniplex_staircase_pool,
          lemuel_fruit_fields, serial_bayou_shore_a, serial_bayou_shore_b,
          lemuel_fruit_tree, serial_bayou_shore_b
Lair:5:   minmay_lair_end_enchanted_forest, layout_cave_pods, slime_entry_2,
          dreamdust_wasp_nest, grunt_megastairs_5
Shoals:1: layout_shoals, nicolae_shoals_sun_and_surf
Shoals:2: layout_shoals, serial_shops, shop, nicolae_shop_vocational
Shoals:3: layout_shoals, serial_shops, shop_statue, hangedman_shoal_volcano
Shoals:4: shoals_end_hellmonk_lost_city
Spider:1: layout_spider_delve, uniq_aizul
Spider:2: layout_spider_delve, nicolae_spider_spiderdrome, uniq_mlioglotl,
          uniq_louise
Spider:3: nicolae_spider_hilbert_zone_3 [nicolae_spider_hilbert_4_sides_2_open,
          nicolae_spider_hilbert_3_sides_1_open,
          nicolae_spider_hilbert_3_sides_1_open,
          nicolae_spider_hilbert_3_sides_1_open,
          nicolae_spider_hilbert_3_sides_1_open,
          nicolae_spider_hilbert_4_sides_1_open,
          nicolae_spider_hilbert_4_sides_1_open,
          nicolae_spider_hilbert_4_sides_1_open,
          nicolae_spider_hilbert_4_sides_1_open,
          nicolae_spider_hilbert_4_sides_1_open,
          nicolae_spider_hilbert_4_sides_1_open,
          nicolae_spider_hilbert_4_sides_1_open,
          nicolae_spider_hilbert_4_sides_1_open,
          nicolae_spider_hilbert_3_sides_1_open,
          nicolae_spider_hilbert_3_sides_1_open,
          nicolae_spider_hilbert_3_sides_1_open,
          nicolae_spider_hilbert_3_sides_1_open],
          nicolae_spider_undead_wolf_pack
Spider:4: hellmonk_spider_rune_bug_friends, uniq_agnes, uniq_bai_suzhen
Orc:1:    layout_caves, serial_shops, shop
Orc:2:    st_orc_open, layout_diamond_mine, gauntlet_entry_generic,
          serial_shops, nicolae_shop_hallway_stairs, basic_altar, mines2_lemuel

Skill      XL: |  1  2  3  4  5  6  7  8  9 10 11 12 13 14 15 16 17 18 |
---------------+-------------------------------------------------------+-----
Unarmed Combat | 1 2 3 4 5 6 7 8 10 11 12 13 | 13.4
Air Magic      | 1 2 3 5 6 8 11 13 14 15 16 17 18 | 18.7
Dodging        | 4 5 6 7 9 10 11 12 | 12.8
Fighting       | 3 4 5 6 7 8 10 11 12 | 12.1
Spellcasting   | 1 2 3 4 5 |  5.3
Transmutations | 1 2 3 4 5 8 10 12 13 14 | 14.5
Shields        | 1 5 |  5.0
Invocations    | 2 3 4 5 |  5.9
Conjurations   | 4 7 8 |  8.2
Armour         | 3 6 |  6.8
Long Blades    | |  3.7
Throwing       | |  2.0

Action                   |  1- 3 |  4- 6 |  7- 9 | 10-12 | 13-15 | 16-18 || total
-------------------------+-------+-------+-------+-------+-------+-------++-------
Melee: Long sword        |    84 |    24 |       |       |       |       ||   108
       Kick              |    15 |    13 |    60 |   122 |     8 |     1 ||   219
       Peck              |     9 |    12 |    25 |    74 |     9 |       ||   129
       Punch             |     2 |     2 |       |       |    30 |    29 ||    63
       Mace              |       |    48 |   229 |   356 |    14 |       ||   647
       Staff             |       |       |       |    16 |    11 |     1 ||    28
       Unarmed           |       |       |       |       |   449 |   417 ||   866
Throw: Dart              |       |     5 |       |    17 |       |       ||    22
       Throwing net      |       |     1 |     2 |       |       |       ||     3
 Cast: Airstrike         |       |       |     2 |    43 |    13 |     8 ||    66
       Static Discharge  |       |       |       |    51 |    23 |     1 ||    75
       Storm Form        |       |       |       |       |    38 |    51 ||    89
       Irradiate         |       |       |       |       |       |     1 ||     1
       Maxwell's Capacit |       |       |       |       |       |     3 ||     3
Invok: Slouch            |       |       |       |     2 |     2 |     9 ||    13
       Bend Time         |       |       |       |     1 |       |       ||     1
       Temporal Distorti |       |       |       |       |       |     1 ||     1
 Abil: Evoke Blink       |       |     1 |       |       |       |       ||     1
       Evoke Invisibilit |       |       |       |     2 |       |       ||     2
       Blinkbolt         |       |       |       |       |    20 |    16 ||    36
Evoke: Wand              |       |       |       |     2 |       |     7 ||     9
  Use: Scroll            |       |     3 |     5 |    17 |     5 |     8 ||    38
       Potion            |       |       |     3 |     5 |     4 |     3 ||    15
 Stab: Sleeping          |       |       |     2 |     1 |     4 |       ||     7
       Invisible         |       |       |       |     6 |       |       ||     6
       Distracted        |       |       |       |       |     1 |     1 ||     2
Armor: Leather armour    |    28 |    19 |    73 |    33 |     6 |     1 ||   160
       Scale mail        |     3 |       |       |       |       |       ||     3
       Acid dragon scale |       |       |       |     5 |       |       ||     5
       Skin              |       |       |       |       |    69 |    67 ||   136
Dodge: Dodged            |    66 |    70 |   215 |   287 |   780 |   826 ||  2244
Block: Buckler           |       |       |    82 |   231 |    24 |     1 ||   338
       Reflection        |       |       |       |    23 |       |       ||    23

Table legend: (Time is in decaauts)
 A = Elapsed time spent in this place.
 B = Non-inter-level travel time spent in this place.
 C = Inter-level travel time spent in this place.
 D = Time resting spent in this place.
 E = Time spent auto-exploring this place.
 F = Levels seen in this place.
 G = Mean time per level.
                   A        B        C        D        E       F      G
               +--------+--------+--------+--------+--------+-----+--------+
         Total |  39980 |  37485 |   2495 |   7938 |  20978 |  30 | 1332.7 |
       Dungeon |  14560 |  13500 |   1060 |   3432 |   6939 |  10 | 1456.0 |
        Temple |    120 |     83 |     37 |      0 |     37 |   1 |  120.0 |
          Lair |   9926 |   9171 |    755 |   1477 |   5961 |   5 | 1985.2 |
        Shoals |   4006 |   3943 |     63 |    910 |   2126 |   4 | 1001.5 |
   Spider Nest |   7258 |   6793 |    465 |   1713 |   3814 |   4 | 1814.5 |
  Orcish Mines |   2443 |   2331 |    112 |    238 |   1464 |   2 | 1221.5 |
         Sewer |    571 |    571 |      0 |      0 |    361 |   1 |  571.0 |
        Bailey |    569 |    569 |      0 |    104 |     75 |   1 |  569.0 |
       Volcano |     92 |     92 |      0 |     62 |      0 |   1 |   92.0 |
      Gauntlet |    432 |    432 |      0 |      0 |    197 |   1 |  432.0 |
               +--------+--------+--------+--------+--------+-----+--------+

Top non-repeatable levels by time:
Spider:3: 2692 daAuts
     D:8: 2586 daAuts
  Lair:5: 2473 daAuts
  Lair:4: 2396 daAuts
     D:6: 2307 daAuts
Spider:4: 2021 daAuts
    D:10: 1954 daAuts
  Lair:3: 1913 daAuts
  Lair:2: 1689 daAuts
   Orc:2: 1674 daAuts
Shoals:1: 1581 daAuts
     D:7: 1543 daAuts
  Lair:1: 1454 daAuts
     D:9: 1445 daAuts
Spider:1: 1386 daAuts
